 Dungeon Crawl Stone Soup version 0.21.1-1-g345015f (webtiles) character file.

135 aMcNicky the Sneak (level 4, -1/21 HPs)
             Began as a Spriggan Enchanter on Mar 4, 2018.
             Was an Initiate of Okawaru.
             Slain by an adder (3 damage)
             ... on level 2 of the Dungeon.
             The game lasted 00:13:46 (2770 turns).

aMcNicky the Sneak (Spriggan Enchanter)             Turns: 2770, Time: 00:13:47

Health: -1/21      AC:  2    Str:  4    XL:     4   Next: 97%
Magic:  1/10       EV: 19    Int: 16    God:    Okawaru [......]
Gold:   132        SH:  0    Dex: 17    Spells: 4/10 levels left

rFire    . . .     SeeInvis +   a - +1 dagger
rCold    . . .     Gourm    .   (shield restricted)
rNeg     . . .     Faith    .   b - +0 robe
rPois    .         Spirit   .   (helmet restricted)
rElec    .         Reflect  .   (no cloak)
rCorr    .         Harm     .   (gloves unavailable)
MR       .....                  (boots unavailable)
Stlth    +++.......             (no amulet)
HPRegen  0.07/turn              (no ring)
MPRegen  0.12/turn              (no ring)

@: lethally poisoned (-1 -> -4), flying, very quick
A: very small, unfitting armour, see invisible, herbivore, speed 3, slow
metabolism 2
a: Renounce Religion


You were on level 2 of the Dungeon.
You worshipped Okawaru.
Okawaru was noncommittal.
You were very hungry.

You visited 1 branch of the dungeon, and saw 3 of its levels.

You collected 132 gold pieces.

Inventory:

Hand Weapons
 a - a +1 dagger (weapon)
Armour
 b - a +0 robe (worn)
Jewellery
 j - an uncursed amulet of magic regeneration {unknown}
Scrolls
 g - a scroll of enchant weapon {unknown}
 h - a scroll of remove curse {unknown}
 i - 3 scrolls of magic mapping {unknown}
 k - 3 scrolls of identify {unknown}
 l - a scroll of fear {unknown}
 m - a scroll of immolation {unknown}
 n - a scroll of fog {unknown}
 o - a scroll of teleportation {unknown}
 p - a scroll of noise {unknown}
Potions
 f - a potion of cancellation
Books
 c - a book of Maledictions

   Spells                             Type                      Level
   a - Corona                         Hexes                        1
   b - Ensorcelled Hibernation        Hexes/Ice                    2
   c - Confuse                        Hexes                        3
   d - Tukima's Dance                 Hexes                        3
   e - Dazzling Spray                 Conjuration/Hexes            3
Comestibles
 d - 9 rations


   Skills:
 + Level 2.4 Short Blades
 + Level 4.3 Dodging
 + Level 5.6 Stealth
 + Level 3.7 Spellcasting
 + Level 4.4 Hexes


You had 4 spell levels left.
You knew the following spells:

 Your Spells              Type           Power        Failure   Level  Hunger
a - Corona                Hex            ###....      2%          1    None
b - Ensorcelled Hibernat  Hex/Ice        ##....       11%         2    ##.....
c - Confuse               Hex            ###.....     9%          3    ###....


Dungeon Overview and Level Annotations

Branches:
Dungeon (3/15)

Altars:
Cheibriados
Okawaru
Qazlal
Zin


Innate Abilities, Weirdness & Mutations

You are very small and have problems with some larger weapons.
You are too small for most types of armour.
You have supernaturally acute eyesight. (SInv)
You are a herbivore.
You cover ground extremely quickly.
You need consume almost no food.


Message History

The adder resists with some effort.
The adder bites you but does no damage.
Casting: Ensorcelled Hibernation
Confirm with . or Enter, or press ? or * to list all spells.
Aiming: Ensorcelled Hibernation
Press: ? - help, Shift-Dir - straight line, f/p - adder
Aim: an adder (chance to defeat MR: 50%)
The adder resists with some effort.
The adder bites you.
* * * LOW HITPOINT WARNING * * *
You are lethally poisoned!
The adder poisons you!
* * * LOW HITPOINT WARNING * * *
You feel sick.
It was a potion of cancellation.
You feel magically purged. The adder barely misses you.
* * * LOW HITPOINT WARNING * * *
You feel sick.
It was a potion of flight.
You feel very buoyant.
You fly up into the air.
The adder bites you.
You die...

#.###...#####.#...[.
#.# #...#####+#.....
#.# #...#....>......
##+###...#...........
#........#...........
#.....####...........
#.....## #...........
##.....###......####.
#..@....#......####.
#..S....#.........+.
#.......#......####.
#.......+......# #.
####....#......####.
#....#..........#
##....#.(........#
#.....#..........#
#....##..........#


You could see an adder.

Vanquished Creatures
  Terence (D:2)
  An orc wizard (D:3)
  4 adders
  An ooze (D:1)
  3 dart slugs
  2 leopard geckos (D:1)
  2 giant cockroaches
  4 hobgoblins
  6 kobolds
  A quokka (D:2)
  5 bats
  2 frilled lizards
  3 goblins (D:1)
  7 rats
42 creatures vanquished.

Notes
Turn   | Place    | Note
-------+----------+-------------------------------------------
     0 | D:1      | aMcNicky the Spriggan Enchanter began the quest for the Orb.
     0 | D:1      | Reached XP level 1. HP: 9/9 MP: 5/5
   161 | D:1      | Reached XP level 2. HP: 13/13 MP: 3/6
   696 | D:1      | Reached XP level 3. HP: 6/16 MP: 2/8
   881 | D:1      | Learned a level 2 spell: Ensorcelled Hibernation
   885 | D:1      | Learned a level 3 spell: Confuse
  1248 | D:2      | Found a stormy altar of Qazlal.
  1585 | D:2      | Reached skill level 5 in Stealth
  2012 | D:2      | Found a snail-covered altar of Cheibriados.
  2076 | D:2      | Found a glowing silver altar of Zin.
  2076 | D:2      | Found an iron altar of Okawaru.
  2079 | D:2      | Became a worshipper of Warmaster Okawaru
  2114 | D:2      | Noticed Terence
  2127 | D:2      | Killed Terence
  2127 | D:2      | Reached XP level 4. HP: 21/21 MP: 2/10
  2770 | D:2      | Slain by an adder

Skill      XL: |  1  2  3  4 |
---------------+-------------+-----
Spellcasting   | 3 |  3.7
Hexes          | 4 |  4.4
Stealth        | 5 |  5.6
Short Blades   | 2 |  2.4
Dodging        | 4 |  4.3

Action                   |  1- 3 |  4- 6 || total
-------------------------+-------+-------++-------
Melee: Dagger            |   164 |    19 ||   183
 Cast: Corona            |    17 |       ||    17
       Ensorcelled Hiber |    14 |    16 ||    30
  Use: Potion            |       |     2 ||     2
 Stab: Sleeping          |    13 |     6 ||    19
Armor: Robe              |    16 |     3 ||    19
Dodge: Dodged            |   154 |    19 ||   173
